 Dungeon Crawl Stone Soup version 0.26-a0-672-g1df16c3386 (webtiles) character file.

Game seed: 10465838467676708818

73 strifetoe the Conjurer (level 4, -2/54 HPs)
             Began as a Palentonga Hedge Wizard on Oct 20, 2020.
             Slain by a scorpion (6 damage)
             ... on level 2 of the Dungeon.
             The game lasted 00:03:19 (2300 turns).

strifetoe the Conjurer (Palentonga Hedge Wizard)    Turns: 2300, Time: 00:03:20

Health: -2/54      AC: 22    Str: 15    XL:     4   Next: 8%
Magic:  8/8        EV:  1    Int: 16    God:
Gold:   148        SH:  0    Dex:  9    Spells: 8/9 levels left

rFire    + . .     SeeInvis +   e - +1 short sword (freeze)
rCold    + . .     Faith    .   (no shield)
rNeg     + + +     Spirit   .   (armour currently unavailable)
rPois    +         Reflect  .   (helmet currently unavailable)
rElec    +         Harm     .   (cloak currently unavailable)
rCorr    +         Rampage  .   (gloves currently unavailable)
MR       .....     Rnd*Rage +   (no barding) Stlth +.........NoTele +
                                (no amulet)
HPRegen  0.18/turn              g - ring of poison resistance
MPRegen  0.11/turn              (no ring)

@: lethally poisoned (-2 -> -3), tree-form, resistant
A: large, rugged brown scales 3, see invisible, berserk 1, clever 1
a: no special abilities


You were on level 2 of the Dungeon.
You were a tree.
You visited 1 branch of the dungeon, and saw 3 of its levels.

You collected 148 gold pieces.

Inventory:

Hand Weapons
 a - a +0 dagger
 e - a +1 short sword of freezing (weapon)
 h - a +1 dagger of protection
Armour
 b - a +0 robe
 c - a +0 hat (melded)
 i - a +0 pair of gloves (melded)
 s - a +3 ring mail (melded)
Jewellery
 g - a ring of poison resistance (left branch)
 j - a +6 ring of strength {unknown}
 l - an uncursed amulet of guardian spirit {unknown}
Wands
 q - a wand of random effects (7)
Scrolls
 d - 4 scrolls of identify {unknown}
 k - a scroll of immolation {unknown}
 p - 2 scrolls of teleportation {unknown}
Potions
 o - a potion of flight


   Skills:
 + Level 0.5 Fighting
 - Level 1.5 Dodging
 - Level 1.2 Stealth
 - Level 3.0 Spellcasting
 - Level 3.5 Conjurations
   Level 0.7 Summonings
   Level 1.0 Translocations


You had 8 spell levels left.
You knew the following spells:

 Your Spells              Type           Power        Failure   Level
a - Magic Dart            Conj           ##..         4%          1

Your spell library contained the following spells:

 Spells                   Type           Power        Failure   Level
 Blink                    Tloc           N/A          19%         2
 Call Imp                 Summ           #.......     22%         2
 Conjure Flame            Conj/Fire      #.......     26%         3
 Slow                     Hex            #.......     28%         2
 Mephitic Cloud           Conj/Pois/Air  #.......     34%         3


Dungeon Overview and Level Annotations

Branches:
Dungeon (3/15)

Altars:
Okawaru
Qazlal


Innate Abilities, Weirdness & Mutations

(You are completely covered in rugged brown scales. (AC +3, +7% HP))
You have supernaturally acute eyesight. (SInv)
((Armour fits poorly on your strangely shaped body.))
((You can roll at foes to attack.))
((You have a long armoured tail.))
You tend to lose your temper in combat.
Your mind is acute. (Int +2)


Message History

Aiming: Random Effects
Press: ? - help, Shift-Dir - straight line, f - scorpion
Aim: a scorpion (moderately wounded)
The scorpion seems to speed up.
The scorpion stings you but does no damage. x2
Evoke which item? (* to show all) (? for menu, Esc to quit)
Aiming: Random Effects
Press: ? - help, Shift-Dir - straight line, f/p - scorpion
Aim: a scorpion (moderately wounded, fast)
The scorpion resists with significant effort.
The scorpion stings you but does no damage.
Evoke which item? (* to show all) (? for menu, Esc to quit)
Aiming: Random Effects
Press: ? - help, Shift-Dir - straight line, f/p - scorpion
Aim: a scorpion (moderately wounded, fast)
The mass of ice explodes!
The iceblast engulfs the scorpion.
The scorpion is severely wounded.
The iceblast engulfs you but does no damage.
You feel sick. The scorpion stings you.
You die...

.##...........÷#.#########.##.#
...............#.# #.##.#
.##.#........#.#.# #.##.#
.##.##......##÷#.# #.##.#
.<#.#............# #.##.#
..#.#.#.#####..### #.##.#
..#.#.#.#......# #.##.##
..#.#.#.#.###).#### #.#...##
..(...#......>.s♣.# #..#.#.#
.##......########## #....#.#
.######..# ##8# #8##
#####...##.# #######..##8...
...8##...#.#...##
.....##..##....
....####.#.#.###
###.#....#_..(. ....>#..#..#.#
##.###...##.... ....##.###.#.#
#.## ##..##8... ...8###.#.##.#
##.###...# ##8# #8# ###.###.#


You could see a scorpion (fast).

Vanquished Creatures
  An ooze (D:1)
  3 dart slugs
  5 leopard geckos
  8 bats
  2 giant cockroaches (D:2)
  6 goblins
  9 hobgoblins
  3 jackals
  4 frilled lizards
  8 kobolds
  5 rats
54 creatures vanquished.

Notes
Turn   | Place    | Note
-------+----------+-------------------------------------------
     0 | D:1      | strifetoe the Palentonga Hedge Wizard began the quest for
                  | the Orb.
     0 | D:1      | Reached XP level 1. HP: 14/14 MP: 4/4
    32 | D:1      | Reached skill level 1 in Conjurations
   520 | D:1      | Reached XP level 2. HP: 21/21 MP: 6/6
   860 | D:1      | Reached XP level 3. HP: 17/27 MP: 7/7
  1571 | D:2      | Found an iron altar of Okawaru.
  2063 | D:2      | Found a stormy altar of Qazlal.
  2070 | D:2      | Reached XP level 4. HP: 35/35 MP: 8/8
  2287 | D:2      | Gained mutation: You tend to lose your temper in combat.
                  | [potion of mutation]
  2287 | D:2      | Gained mutation: Your mind is acute. (Int +2) [potion of
                  | mutation]
  2300 | D:2      | Slain by a scorpion

Illustrated notes

Levels and vault maps discovered:
D:1:      dpeg_arrival_stone_temple_mockup, layout_basic
D:2:      minmay_evil_eye, layout_loops_ring, nicolae_overflow_hidden_temple,
          nicolae_qazlal_general_emergency, hangedman_abyss_or_decor_stabs
D:3:      kennysheep_big_flooded_room, layout_basic,
          ebering_ghost_reflecting_pool, uniq_jessica, uniq_robin, uniq_natasha

Skill      XL: |  1  2  3 |
---------------+----------+-----
Conjurations   | 1 2 3 |  3.5
Fighting       | |  0.5
Dodging        | |  1.5
Stealth        | |  1.2
Spellcasting   | |  3.0
Summonings     | |  0.7
Translocations | |  1.0

Action                   |  1- 3 |  4- 6 || total
-------------------------+-------+-------++-------
Melee: Short sword       |   125 |    21 ||   146
       Dagger            |    11 |       ||    11
       Tailslap          |    12 |     2 ||    14
 Cast: Magic Dart        |     4 |       ||     4
Evoke: Wand              |       |     4 ||     4
  Use: Potion            |       |     5 ||     5
 Stab: Sleeping          |     4 |       ||     4
Armor: Robe              |    43 |       ||    43
       Ring mail         |     2 |    28 ||    30
       Skin              |       |    20 ||    20
Dodge: Dodged            |    72 |    17 ||    89

Table legend: (Time is in decaauts)
 A = Elapsed time spent in this place.
 B = Non-inter-level travel time spent in this place.
 C = Inter-level travel time spent in this place.
 D = Time resting spent in this place.
 E = Time spent auto-exploring this place.
 F = Levels seen in this place.
 G = Mean time per level.
                   A        B        C        D        E       F      G
               +--------+--------+--------+--------+--------+-----+--------+
         Total |   2313 |   2253 |     60 |    525 |   1320 |   3 |  771.0 |
       Dungeon |   2313 |   2253 |     60 |    525 |   1320 |   3 |  771.0 |
               +--------+--------+--------+--------+--------+-----+--------+

Top non-repeatable levels by time:
     D:1: 1472 daAuts
     D:2: 826 daAuts
     D:3: 14 daAuts
